 Dungeon Crawl Stone Soup version 0.21.1-1-g345015fe64 (webtiles) character file.

358 Gargoyl the Skirmisher (level 6, -1/53 HPs)
             Began as a Centaur Abyssal Knight on May 4, 2018.
             Was a Priest of Lugonu.
             Slain by a gnoll
             ... wielding a +0 spear
              (7 damage)
             ... on level 5 of the Dungeon.
             The game lasted 00:04:55 (3239 turns).

Gargoyl the Skirmisher (Centaur Abyssal Knight)     Turns: 3239, Time: 00:04:58

Health: -1/53      AC:  8    Str: 20    XL:     6   Next: 37%
Magic:  8/8        EV: 11    Int: 11    God:    Lugonu [***...]
Gold:   174        SH:  0    Dex: 15    Spells: 5/5 levels left

rFire    + . .     SeeInvis .   f - +2 whip (venom)
rCold    + . .     Gourm    .   (no shield)
rNeg     . . .     Faith    .   g - +0 chain mail
rPois    +         Spirit   .   (no helmet)
rElec    +         Reflect  .   (no cloak)
rCorr    +         Harm     .   (no gloves)
MR       .....                  (no barding)
Stlth    ..........             (no amulet)
HPRegen  0.17/turn              h - +6 ring of slaying
MPRegen  0.11/turn              (no ring)

@: mighty, agile, resistant, hasted, very quick
A: large, hooves 3, deformed body, speed 2, tough skin 3
a: Depart the Abyss, Bend Space, Banish, Renounce Religion


You were on level 5 of the Dungeon.
You worshipped Lugonu.
Lugonu was most pleased with you.
You were very hungry.

You visited 1 branch of the dungeon, and saw 5 of its levels.
You visited the Abyss 1 time.

You collected 174 gold pieces.

Inventory:

Hand Weapons
 a - a +1 hand axe
 f - a +2 whip of venom (weapon)
Armour
 g - a +0 chain mail (worn)
Jewellery
 h - a +6 ring of slaying (left hand)
 p - an uncursed amulet of faith {unknown}
Wands
 j - a wand of polymorph (7)
 o - a wand of iceblast (8)
Scrolls
 b - a scroll of remove curse
 n - a scroll of identify
Potions
 d - a potion of ambrosia {unknown}
 e - 2 potions of agility
 i - 2 potions of curing
 m - a potion of resistance
Comestibles
 c - 9 rations


   Skills:
 + Level 4.4 Fighting
 + Level 2.3(2.6) Axes
 + Level 1.4(2.1) Maces & Flails
 * Level 3.3 Armour
 + Level 1.1 Dodging
 * Level 3.2 Invocations


You had 5 spell levels left.
You didn't know any spells.

Dungeon Overview and Level Annotations

Branches:
Dungeon (5/15)
 Temple: D:4-7

Altars:
Nemelex Xobeh
Okawaru
Qazlal


Innate Abilities, Weirdness & Mutations

You have hooves in place of feet.
Armour fits poorly on your strangely shaped body.
You cover ground very quickly.
You have extremely tough skin. (AC +3)


Message History

It was a potion of haste.
You feel yourself speed up.
It was a potion of might.
You feel very mighty all of a sudden. The gnoll shaman barely misses you.
You whack the gnoll shaman! You kick the gnoll shaman.
The gnoll shaman is severely wounded.
The gnoll barely misses you.
You hit the gnoll.
You kill the gnoll!
Lugonu accepts your kill. The gnoll shaman hits you with a club.
* * * LOW HITPOINT WARNING * * *
The gnoll closely misses you.
You closely miss the gnoll shaman.
You kill the gnoll shaman!
Lugonu accepts your kill.
The gnoll hits you from afar with a spear!
* * * LOW HITPOINT WARNING * * *
The gnoll hits you from afar with a spear!
You die...

#### ###....
##.......
##........
#.........
#<..%.....
#.@.g.....
#.......)......
#.......gg.....
.....##........
..#.. ##.......
..... ..#....
#... #.#....
..# .Z ...


You could see 3 gnolls and a quokka zombie.

Vanquished Creatures
  A scorpion (D:4)
  An orc wizard (D:2)
  A gnoll shaman (D:5)
  An orc priest (D:3)
  An iron imp (Abyss:1)
  An iguana (D:4)
  Ijyb (D:2)
  3 gnolls
  3 adders
  An adder skeleton (D:4)
  3 worms
  A dart slug (D:2)
  3 leopard geckos
  6 orcs
  A ball python (D:3)
  4 giant cockroaches (D:1)
  11 goblins
  6 hobgoblins
  6 kobolds
  A quokka (D:4)
  9 bats
  2 frilled lizards (D:1)
  7 rats
74 creatures vanquished.

Notes
Turn   | Place    | Note
-------+----------+-------------------------------------------
     0 | Abyss:1  | Gargoyl the Centaur Abyssal Knight began the quest for the Orb.
     0 | Abyss:1  | Reached XP level 1. HP: 19/19 MP: 2/2
    52 | Abyss:1  | Found a corrupted altar of Lugonu.
    84 | Abyss:1  | Noticed an iron imp
    91 | Abyss:1  | Killed an iron imp
    91 | Abyss:1  | Reached XP level 2. HP: 7/27 MP: 3/3
    93 | D:1      | Escaped the Abyss
   434 | D:1      | Reached XP level 3. HP: 33/33 MP: 4/4
   688 | D:1      | Found a sparkling altar of Nemelex Xobeh.
   801 | D:1      | Reached ** piety under Lugonu
   845 | D:1      | Reached skill level 4 in Fighting
   965 | D:1      | Reached XP level 4. HP: 27/40 MP: 5/5
  1163 | D:1      | You fall through a shaft!
  1851 | D:2      | Noticed Ijyb
  1889 | D:2      | Killed Ijyb
  1889 | D:2      | Reached XP level 5. HP: 39/46 MP: 7/7
  2063 | D:2      | Found a stormy altar of Qazlal.
  2230 | D:3      | Reached skill level 1 in Dodging
  2310 | D:3      | Reached skill level 1 in Maces & Flails
  2467 | D:3      | Reached *** piety under Lugonu
  2902 | D:3      | Found an iron altar of Okawaru.
  3160 | D:4      | Reached XP level 6. HP: 53/53 MP: 8/8
  3230 | D:5      | Entered Level 5 of the Dungeon
  3239 | D:5      | Slain by a gnoll

Skill      XL: |  1  2  3  4  5 |
---------------+----------------+-----
Axes           | 2 |  2.3
Fighting       | 4 |  4.4
Armour         | 2 3 |  3.3
Dodging        | 1 |  1.1
Invocations    | 3 |  3.2
Maces & Flails | 1 |  1.4

Action                   |  1- 3 |  4- 6 || total
-------------------------+-------+-------++-------
Melee: Hand axe          |    16 |       ||    16
       Kick              |    11 |    29 ||    40
       Whip              |    44 |   114 ||   158
  Use: Scroll            |     1 |     6 ||     7
       Potion            |       |     6 ||     6
  Eat: Ration            |       |     1 ||     1
       Chunk             |       |     1 ||     1
Armor: Leather armour    |    14 |       ||    14
       Chain mail        |    42 |   112 ||   154
Dodge: Dodged            |    29 |    34 ||    63
